 Dungeon Crawl Stone Soup version 0.24-a0-459-g225fefd530 (webtiles) character file.

Game seed: 16887279966531872725

4 mhoghedin the Stinger (level 1, 3/9 HPs)
             Began as a Spriggan Venom Mage on June 28, 2019.
             Quit the game on level 1 of the Dungeon.
             The game lasted 00:00:44 (166 turns).

mhoghedin the Stinger (Spriggan Venom Mage)          Turns: 166, Time: 00:00:44

Health: 3/9        AC:  2    Str:  4    XL:     1   Next: 58%
Magic:  1/5        EV: 18    Int: 16    God:
Gold:   13         SH:  0    Dex: 16    Spells: 5/6 levels left

rFire    . . .     SeeInvis +   d - +0 dagger
rCold    . . .     Gourm    .   (shield restricted)
rNeg     . . .     Faith    .   a - +0 robe
rPois    .         Spirit   .   (helmet restricted)
rElec    .         Reflect  .   (no cloak)
rCorr    .         Harm     .   (gloves unavailable)
MR       .....                  (boots unavailable)
Stlth    ++........             (no amulet)
HPRegen  0.03/turn              (no ring)
MPRegen  0.09/turn              (no ring)

@: very quick
A: very small, unfitting armour, see invisible, herbivore, speed 3, slow
metabolism 2
a: no special abilities


You were on level 1 of the Dungeon.
You were not hungry.

You visited 1 branch of the dungeon, and saw 1 of its levels.

You collected 13 gold pieces.

Inventory:

Hand Weapons
 d - a +0 dagger (weapon)
   (You took it off a goblin on level 1 of the Dungeon)
Armour
 a - a +0 robe (worn)
Potions
 b - a potion of might {unknown}
Comestibles
 c - a ration


   Skills:
 - Level 3.0 Dodging
 - Level 3.0 Stealth
 + Level 3.0 Spellcasting
 - Level 0.6 Conjurations
 + Level 3.1 Poison Magic


You had 5 spell levels left.
You knew the following spells:

 Your Spells              Type           Power        Failure   Level  Hunger
a - Sting                 Conj/Pois      #...         9%          1    #......

Your spell library contained the following spells:

 Spells                   Type           Power        Failure   Level  Hunger
 Poisonous Vapours        Pois/Air       #.....       14%         2    ##.....
 Mephitic Cloud           Conj/Pois/Air  #.......     32%         3    ###....
 Olgreb's Toxic Radiance  Pois           ##......     45%         4    #####..
 Venom Bolt               Conj/Pois      #.........   94%         5    ######.


Dungeon Overview and Level Annotations

Branches:
Dungeon (1/15)

Altars:


Innate Abilities, Weirdness & Mutations

You are very small and have problems with some larger weapons.
You are too small for most types of armour.
You have supernaturally acute eyesight. (SInv)
You are a herbivore.
You cover ground extremely quickly.
You need to consume almost no food.


Message History

You can't see any susceptible monsters within range! (Use Z to cast anyway.)
b - an inky potion You open the door.
There is an open door here.
A kobold comes into view.
MP restored: 5 A kobold is nearby!
You can't see any susceptible monsters within range! (Use Z to cast anyway.)
You can't see any susceptible monsters within range! (Use Z to cast anyway.)
You can't see any susceptible monsters within range! (Use Z to cast anyway.)
Aim: a kobold (resting)
The sting hits the kobold.
The kobold is poisoned.
You kill the kobold!
You now have 4/5 mp.
You can't see any susceptible monsters within range! (Use Z to cast anyway.)
You can't see any susceptible monsters within range! (Use Z to cast anyway.)
A hobgoblin comes into view.
The hobgoblin shouts!
A hobgoblin is nearby!
A hobgoblin is nearby!
Aim: a hobgoblin The sting hits the hobgoblin.
The hobgoblin is poisoned.
You now have 3/5 mp.
Aim: a hobgoblin (almost dead, poisoned)
The sting misses the hobgoblin.
You kill the hobgoblin!
You now have 2/5 mp.
You can't see any susceptible monsters within range! (Use Z to cast anyway.)
Things that are here:
3 stones; a kobold corpse A kobold comes into view.
It is wielding a -3 dagger.
The kobold shouts!
You hear an angry hiss.
You hear a shout!
A goblin comes into view. It is wielding a +0 dagger.
There are monsters nearby!
Aim: a goblin, wielding a +0 dagger You miscast Sting.
You are very lightly contaminated with residual magic.
Nothing appears to happen.
A frilled lizard comes into view.
You now have 2/5 mp.
Aim: a goblin, wielding a +0 dagger The sting hits the goblin.
The goblin is poisoned.
You now have 1/5 mp.
Aim: a goblin, wielding a +0 dagger (severely wounded, poisoned)
The sting hits the goblin.
The goblin looks even sicker.
You kill the goblin!
Your Spellcasting skill increases to level 3!
You now have 0/5 mp.
You don't have enough magic to cast that spell.
You don't have enough magic to cast that spell.
Things that are here:
a +0 dagger; a goblin corpse The kobold closely misses you.
You barely miss the kobold. The kobold completely misses you.
You hit the kobold but do no damage. The frilled lizard bites you.
The kobold hits you but does no damage.
You take 3 damage, and have 6/9 hp.
MASSIVE DAMAGE!!
Things that are here:
a +0 dagger; a goblin corpse
Aim: a frilled lizard The sting misses the frilled lizard.
The sting misses the kobold.
You now have 0/5 mp.
You don't have enough magic to cast that spell.
Your magical contamination has completely faded away.
Things that are here:
a +0 dagger; a goblin corpse
d - a +0 dagger Wield which item (- for none, * to show all)? (? for menu, Esc to quit)
d - a +0 dagger (weapon)
Aim: a kobold, wielding a -3 dagger The sting hits the kobold but does no damage.
The kobold is poisoned.
You now have 1/5 mp.
Aim: a kobold, wielding a -3 dagger (poisoned)
The sting misses the kobold.
You now have 0/5 mp.
You don't have enough magic to cast that spell.
You hit the kobold but do no damage. The kobold misses you.
You hit the kobold but do no damage. The kobold barely misses you.
You hit the kobold but do no damage. The kobold barely misses you.
You barely miss the kobold. The kobold hits you but does no damage.
You hit the kobold but do no damage.
The kobold looks more healthy.
The kobold closely misses you.
Unknown command.
You barely miss the frilled lizard. The kobold misses you.
The frilled lizard closely misses you.
You hit the kobold but do no damage. The kobold closely misses you.
The frilled lizard closely misses you.
You miss the kobold. The kobold closely misses you.
The frilled lizard completely misses you.
You barely miss the kobold. The kobold misses you.
The frilled lizard hisses.
The frilled lizard closely misses you.
You barely miss the kobold.
The kobold hits you with a cursed -3 dagger.
The frilled lizard closely misses you.
You take 4 damage, and have 3/9 hp.
MASSIVE DAMAGE!!
Unknown command.

#..#
#......##.#
#
#.##.#..#.#
.. #
#.#.##.#
###
#.#..#.#
#.#..#.#
#.#..#.#
#.#.##.#
#.#..#K#
##.##.#@#
#.....#l#
##.#....#
.........##
####.....#
#.....#
.......#
####....#
......


You could see a kobold and a frilled lizard.

Vanquished Creatures
  A goblin (D:1)
  A hobgoblin (D:1)
  A frilled lizard (D:1)
  A kobold (D:1)
  A rat (D:1)
5 creatures vanquished.

Notes
Turn   | Place    | Note
-------+----------+-------------------------------------------
     0 | D:1      | mhoghedin the Spriggan Venom Mage began the quest for the
                  | Orb.
     0 | D:1      | Reached XP level 1. HP: 9/9 MP: 5/5
   103 | D:1      | Reached skill level 3 in Spellcasting
   166 | D:1      | Quit the game

Levels and vault maps discovered:
D:1:      psy_arrival_dodecagon, layout_basic, st_stairs_14

Skill      XL: |  1 |
---------------+----+-----
Spellcasting   | 3 |  3.0
Dodging        | |  3.0
Stealth        | |  3.0
Conjurations   | |  0.6
Poison Magic   | |  3.1

Action                   || total
-------------------------++-------
Melee: Dagger            ||    10
       Unarmed           ||     2
 Cast: Sting             ||    10
Dodge: Dodged            ||    15

Table legend:
 A = Non-vault XP
 B = Vault XP
 C = Vault XP percentage of total XP
 D = Non-vault monster count
 E = Vault monster count
 F = Vault count percentage of total count
                 A         B        C        D         E       F
            +---------+---------+-------+---------+---------+-------
      Total |       7 |       0 |   0.0 |       5 |       0 |   0.0
            +---------+---------+-------+---------+---------+-------
        D:1 |       7 |       0 |   0.0 |       5 |       0 |   0.0
            +---------+---------+-------+---------+---------+-------

Levels and vault maps discovered:
D:1:      psy_arrival_dodecagon, layout_basic, st_stairs_14

Table legend:
 A = Turns spent in this place as a percentage of turns spent in the entire game.
 B = Non-inter-level travel turns spent in this place as a percentage of non-inter-level travel turns spent in the entire game.
 C = Inter-level travel turns spent in this place as a percentage of turns spent in this place.
 D = Turns resting spent in this place as a percentage of non-inter-level travel turns spent in this place.
 E = Turns spent auto-exploring this place as a percentage of non-inter-level travel turns spent in this place.
 F = Non-inter-level travel turns spent in this place divided by the number of levels of this place that you've seen.
                   A       B       C       D       E      F
               +-------+-------+-------+-------+-------+----------------------
         Total | 100.0 | 100.0 |   0.0 |  11.4 |  40.4 | 166.0
       Dungeon | 100.0 | 100.0 |   0.0 |  11.4 |  40.4 | 166.0
               +-------+-------+-------+-------+-------+----------------------

Table legend:
 A = Kills in this place as a percentage of kills in entire the game.
 B = Kills by you in this place as a percentage of kills by you in the entire game.
 C = Kills by friends in this place as a percentage of kills by friends in the entire game.
 D = Other kills in this place as a percentage of other kills in the entire game.
 E = Experience gained in this place as a percentage of experience gained in the entire game.
 F = Experience gained in this place divided by the number of levels of this place that you have seen.
                   A       B       C       D       E      F
               +-------+-------+-------+-------+-------+----------------------
         Total | 100.0 | 100.0 |   N/A |   N/A | 100.0 |   7.0
       Dungeon | 100.0 | 100.0 |   N/A |   N/A | 100.0 |   7.0
               +-------+-------+-------+-------+-------+----------------------
